 Dungeon Sprint DCSS version 0.28-a0-973-ga7f8b01127 (webtiles) character file.

Game seed: 4868277364466732324

2755 tatocazan the Blocker (level 9, -7/93 HPs)
             Began as a Minotaur Fighter on Dec 1, 2021.
             Was an Elder of the Shining One.
             Mangled by a boulder beetle (13 damage)
             ... in the Dungeon (Sprint IX: "|||||||||||||||||||||||||||||").
             The game lasted 00:01:18 (794 turns).

tatocazan the Blocker (Minotaur Fighter)             Turns: 794, Time: 00:01:19

Health: -7/93      AC: 18    Str: 26    XL:     9   Next: 41%
Magic:  8/8        EV: 10    Int:  8    God:    the Shining One [****..]
Gold:   0          SH:  0    Dex:  9    Spells: 8/8 levels left

rFire   . . .      SeeInvis .   m - +2 halberd (protect)
rCold   . . .      Faith    .   (shield currently unavailable)
rNeg    + + .      Spirit   .   b - +0 scale mail
rPois   .          Reflect  .   (helmet restricted)
rElec   .          Harm     .   (no cloak)
rCorr   .          Rampage  .   (no gloves)
Will    .....      NoTele   +   (no boots)
Stlth   ..........              (no amulet)
HPRegen 0.25/turn               a - +3 ring of intelligence
MPRegen 0.11/turn               p - +2 ring of protection

@: under a protective aura, glowing
A: horns 2, retaliatory headbutt
a: Renounce Religion, Divine Shield, Cleansing Flame


You were in the Dungeon.
You worshipped the Shining One.
The Shining One was greatly pleased with you.
You visited 1 branch

Inventory:

Hand Weapons
 m - a +2 halberd of protection (weapon)
 n - a +4 quarterstaff of speed
Armour
 b - a +0 scale mail (worn)
 c - a +1 scale mail
 o - a +0 pair of gloves
Jewellery
 a - a +3 ring of intelligence (left hand)
 p - a +2 ring of protection (right hand)
Wands
 l - a wand of acid (10)
Scrolls
 j - 2 scrolls of blinking
 k - 2 scrolls of amnesia
Potions
 d - a potion of might
 e - 4 potions of curing
 f - 3 potions of heal wounds
 g - a potion of haste
 h - 4 potions of magic
 i - a potion of berserk rage


   Skills:
 + Level 13.5 Fighting
 + Level 13.3 Polearms
 + Level 13.5 Armour
 + Level 13.5 Shields


You had 8 spell levels left.
You didn't know any spells.
Your spell library was empty.

Dungeon Overview and Level Annotations

Branches:
Dungeon (1/1)

Altars:
Cheibriados
Dithmenos
Elyvilon
Fedhas
Gozag
Hepliaklqana
Kikubaaqudgha
Makhleb
Nemelex Xobeh
Okawaru
Qazlal
Ru
Sif Muna
Trog
Uskayaw
Vehumet
Wu Jian
Xom
Yredelemnul
Zin
The Shining One
Beogh
Jiyva
Lugonu


Innate Abilities, Weirdness & Mutations

You have a pair of horns on your head.
You reflexively headbutt those who attack you in melee.


Message History

The boulder beetle curls into a ball and begins rolling!
You take 11 damage, and have 24/92 hp.
You puncture the centaur warrior!
The centaur warrior is severely wounded.
The centaur warrior hits you but does no damage.
The centaur warrior kicks you but does no damage.
The centaur warrior hits you but does no damage.
The centaur warrior kicks you but does no damage.
You slash the centaur warrior!
The centaur warrior is almost dead.
The centaur warrior barely misses you. You furiously retaliate!
You headbutt the centaur warrior!
You kill the centaur warrior!
The boulder beetle hits you.
* * * LOW HITPOINT WARNING * * *
The boulder beetle stops rolling and uncurls.
Your Fighting skill increases to level 13!
Your Polearms skill increases to level 13!
Your Armour skill increases to level 13!
Your Shields skill increases to level 13!
You take 2 damage, and have 23/93 hp.
You hit the boulder beetle.
The boulder beetle is lightly wounded.
The boulder beetle barely misses you.
You slash the boulder beetle!
The boulder beetle is lightly wounded.
The boulder beetle bites you but does no damage.
You puncture the boulder beetle!
You headbutt the boulder beetle, but do no damage.
The boulder beetle is moderately wounded.
You hit the boulder beetle but do no damage.
The boulder beetle is moderately wounded.
The boulder beetle bites you!!
* * * LOW HITPOINT WARNING * * *
You take 18 damage, and have 6/93 hp.
You hit the boulder beetle but do no damage.
You headbutt the boulder beetle, but do no damage.
The boulder beetle is moderately wounded.
The boulder beetle bites you!
You die...

▓.▓
▓.▓
▓)▓
▓)▓
▓.▓
▓.▓
▓.▓
▓B▓
▓@▓
▓)▓
▓.▓
▓.▓
▓.▓
▓.▓
▓.▓
▓.▓


You could see a boulder beetle.

Vanquished Creatures
  A centaur warrior (D)
  2 two-headed ogres (D)
  A black mamba (shapeshifter) (D)
  A kobold demonologist (D)
  A vampire mosquito (D)
  An acid dragon (D)
  An orc warrior (D)
  A killer bee (D)
  An orc priest (D)
  An orc wizard (D)
  2 adders (D)
  An adder zombie (D)
  2 dart slugs (D)
  2 bats (D)
  A giant cockroach (D)
  A quokka (D)
  A rat (D)
21 creatures vanquished.

Notes
Turn   | Place    | Note
-------+----------+-------------------------------------------
     0 | D        | tatocazan the Minotaur Fighter began the quest for the Orb.
     0 | D        | Reached XP level 1. HP: 19/19 MP: 0/0
     6 | D        | Banished a spatial maelstrom
    27 | D        | Noticed an orc priest
    29 | D        | Reached XP level 2. HP: 28/28 MP: 1/1
    41 | D        | Reached skill level 5 in Fighting
    41 | D        | Reached skill level 5 in Armour
    41 | D        | Reached skill level 5 in Shields
    41 | D        | Reached XP level 3. HP: 9/36 MP: 2/2
    42 | D        | Reached skill level 5 in Polearms
   466 | D        | Found a snail-covered altar of Cheibriados.
   466 | D        | Found a shadowy altar of Dithmenos.
   466 | D        | Found a white marble altar of Elyvilon.
   466 | D        | Found a blossoming altar of Fedhas.
   466 | D        | Found an opulent altar of Gozag.
   467 | D        | Found a hazy altar of Hepliaklqana.
   468 | D        | Found a viscous altar of Jiyva.
   469 | D        | Found an ancient bone altar of Kikubaaqudgha.
   470 | D        | Found a corrupted altar of Lugonu.
   471 | D        | Found a burning altar of Makhleb.
   472 | D        | Found a sparkling altar of Nemelex Xobeh.
   473 | D        | Found an iron altar of Okawaru.
   474 | D        | Found a stormy altar of Qazlal.
   475 | D        | Found a sacrificial altar of Ru.
   476 | D        | Found a shimmering blue altar of Sif Muna.
   477 | D        | Found a bloodstained altar of Trog.
   478 | D        | Found a hide-covered altar of Uskayaw.
   479 | D        | Found a radiant altar of Vehumet.
   480 | D        | Found an ornate altar of the Wu Jian Council.
   481 | D        | Found a shimmering altar of Xom.
   482 | D        | Found a basalt altar of Yredelemnul.
   483 | D        | Found a glowing silver altar of Zin.
   484 | D        | Found a glowing golden altar of the Shining One.
   492 | D        | Became a worshipper of the Shining One
   532 | D        | Noticed a two-headed ogre
   532 | D        | Noticed an orc warrior
   532 | D        | Reached * piety under the Shining One
   532 | D        | Noticed a kobold demonologist
   532 | D        | Noticed a killer bee
   532 | D        | Reached ** piety under the Shining One
   536 | D        | Killed a two-headed ogre
   537 | D        | Reached skill level 10 in Fighting
   537 | D        | Reached skill level 10 in Armour
   537 | D        | Reached skill level 10 in Shields
   537 | D        | Reached XP level 4. HP: 27/51 MP: 3/3
   537 | D        | Reached XP level 5. HP: 31/58 MP: 4/4
   537 | D        | Reached XP level 6. HP: 35/66 MP: 5/5
   537 | D        | Reached XP level 7. HP: 38/72 MP: 6/6
   540 | D        | Reached skill level 10 in Polearms
   549 | D        | Killed a kobold demonologist
   551 | D        | Reached XP level 8. HP: 47/82 MP: 7/7
   768 | D        | Noticed a black mamba
   768 | D        | Reached *** piety under the Shining One
   768 | D        | Noticed a two-headed ogre
   768 | D        | Noticed a centaur warrior
   768 | D        | Noticed a boulder beetle
   779 | D        | Killed a black mamba
   783 | D        | Reached **** piety under the Shining One
   786 | D        | Killed a two-headed ogre
   787 | D        | Reached XP level 9. HP: 35/92 MP: 8/8
   789 | D        | Killed a centaur warrior
   794 | D        | Mangled by a boulder beetle

Illustrated notes

Levels and vault maps discovered:
D:        linesprint [early_d, line_temple, items_1, d_10, items_2, lair_1,
          lair_end, items_3, orc_1, orc_end, items_4, d_15, swamp_1, shoals_1,
          snake_1, spider_1, d_20, vaults_1, items_5, swamp_end, shoals_end,
          snake_end, spider_end, vaults_end, d_27, items_6, zot_1, zot_end,
          crypt_end, forest_end, elf_end, slime_end, tomb_end, abyss_end,
          pan_hell_end]

Skill      XL: |  1  2  3  4  5  6  7  8  9 |
---------------+----------------------------+-----
Fighting       | 4 5 10 11 12 13 | 13.5
Polearms       | 3 4 9 10 12 13 | 13.3
Armour         | 4 5 10 11 12 13 | 13.5
Shields        | 4 5 10 11 12 13 | 13.5

Action                   |  1- 3 |  4- 6 |  7- 9 || total
-------------------------+-------+-------+-------++-------
Melee: Trident           |    31 |       |       ||    31
       Headbutt          |     6 |       |     9 ||    15
       Halberd           |     4 |       |    41 ||    45
  Use: Potion            |       |       |     1 ||     1
Armor: Scale mail        |    14 |       |    20 ||    34
Dodge: Dodged            |    18 |       |    17 ||    35
Block: Buckler           |     5 |       |       ||     5

Table legend: (Time is in decaauts)
 A = Elapsed time spent in this place.
 B = Non-inter-level travel time spent in this place.
 C = Inter-level travel time spent in this place.
 D = Time resting spent in this place.
 E = Time spent auto-exploring this place.
 F = Levels seen in this place.
 G = Mean time per level.
                   A        B        C        D        E       F      G
               +--------+--------+--------+--------+--------+-----+--------+
         Total |    795 |    795 |      0 |    622 |     25 |   1 |  795.0 |
       Dungeon |    795 |    795 |      0 |    622 |     25 |   1 |  795.0 |
               +--------+--------+--------+--------+--------+-----+--------+

Top non-repeatable levels by time:
       D: 795 daAuts
